 Dungeon Crawl Stone Soup version 0.28-a0-1510-gd0f6b136d3 (webtiles) character file.

Game seed: 16308574540138663006

18 croobank the Sneak (level 2, -1/19 HPs)
             Began as a Kobold Delver on Jan 15, 2022.
             Killed from afar by Sigmund (5 damage)
             ... with a magic dart
             ... on level 3 of the Dungeon.
             The game lasted 00:09:12 (1220 turns).

croobank the Sneak (Kobold Delver)                  Turns: 1220, Time: 00:09:12

Health: -1/19      AC:  3    Str:  9    XL:     2   Next: 90%
Magic:  2/2        EV: 14    Int: 11    God:
Gold:   0          SH:  0    Dex: 16    Spells: 1/1 levels left

rFire   . . .      SeeInvis .   a - +0 short sword
rCold   . . .      Faith    .   (no shield)
rNeg    . . .      Spirit   .   b - +0 leather armour
rPois   .          Reflect  .   (no helmet)
rElec   .          Harm     .   (no cloak)
rCorr   .          Rampage  .   (no gloves)
Will    .....                   (no boots)
Stlth   ++++......              (no amulet)
HPRegen 0.06/turn               (no ring)
MPRegen 0.08/turn               (no ring)

@: no status effects
A: small, no large weapons, nightstalker 3
a: no special abilities


You were on level 3 of the Dungeon.
You visited 1 branch of the dungeon, and saw 4 of its levels.

Inventory:

Hand Weapons
 a - a +0 short sword (weapon)
Missiles
 h - 2 poisoned darts (quivered)
Armour
 b - a +0 leather armour (worn)


   Skills:
 + Level 3.6 Fighting
 + Level 3.1 Short Blades
 + Level 2.8 Dodging
 + Level 6.8 Stealth


You had one spell level left.
You didn't know any spells.
Your spell library was empty.

Dungeon Overview and Level Annotations

Branches:
Dungeon (5/15)
 Temple: D:4-7

Altars:
Okawaru

Annotations:
D:2 Robin
D:3 Sigmund


Innate Abilities, Weirdness & Mutations

You are small and have problems with some larger weapons.
You are completely attuned to the shadows.


Message History

There is an open door here.
Sigmund zaps a wand.
The puff of flame misses you.
You close the door.
Sigmund opens the door.
You open the door.
Sigmund points at you and mumbles some strange words.
You resist with significant effort.
There is an open door here.
You close the door.
Sigmund opens the door.
You aren't carrying any potions.
Okay, then.
As you read the scroll of fog, it crumbles to dust.
The scroll dissolves into smoke.
Found 11 gold pieces.
You see here 11 gold pieces.
Sigmund zaps a wand.
The puff of flame misses you. Sigmund gestures at you while chanting.
You resist with significant effort.
You open the door.
There is an open door here.
You close the door.
Sigmund breaks down the door.
Sigmund zaps a wand.
The puff of flame hits you.
You open the door.
There is an open door here.
You close the door.
Sigmund opens the door.
Sigmund zaps a wand.
The puff of flame hits you!
Ouch! That really hurt!
* * * LOW HITPOINT WARNING * * *
Aiming: Dig
Press: ? - help, Shift-Dir - straight line A rock wall.
The rock shatters into small pieces.
The now-empty wand crumbles to dust.
Found a book of Touch.
You see here a book of Touch.
Sigmund points at you and mumbles some strange words.
The magic dart hits you.
You die...

......##
##.###.##
....##
####...#
..#
#.##.#
#.# ##
#@# #:#
#.# #.#
#@# #.#
..# ####
##


You could see Sigmund.

Vanquished Creatures
  2 ball pythons
  2 endoplasms
  8 goblins (D:2)
  A hobgoblin (D:2)
  2 jackals (D:2)
15 creatures vanquished.

Notes
Turn   | Place    | Note
-------+----------+-------------------------------------------
     0 | D:5      | croobank the Kobold Delver began the quest for the Orb.
     0 | D:5      | Reached XP level 1. HP: 14/14 MP: 1/1
     8 | D:5      | Noticed a sky beast
    33 | D:5      | Noticed a jelly
    69 | D:4      | Found an iron altar of Okawaru.
    83 | D:4      | Noticed a black bear
    86 | D:4      | Noticed a gnoll sergeant
   142 | D:5      | Noticed an orc priest
   142 | D:5      | Noticed an orc wizard
   604 | D:2      | Reached XP level 2. HP: 14/19 MP: 2/2
   689 | D:2      | Noticed Robin
  1124 | D:3      | Noticed Sigmund
  1220 | D:3      | Killed from afar by Sigmund

Illustrated notes

Levels and vault maps discovered:
D:2:      layout_basic, serial_rivers, chequers_serial_rivers_room_a,
          chequers_serial_rivers_large_a, chequers_serial_rivers_small_b,
          chequers_serial_rivers_micro_a, serial_shops, nicolae_square_shop,
          uniq_robin
D:3:      layout_loops_corners, uniq_sigmund
D:4:      layout_cave_pools, mainiacjoe_overflow_concentric_impassable,
          serial_undead, serial_undead_c, serial_undead_c, serial_undead_a,
          serial_undead_a, serial_undead_a, serial_undead_c, serial_undead_b,
          grunt_ministairs_13, st_stairs_12
D:5:      layout_rooms, uniq_edmund, uniq_ijyb

Skill      XL: |  1  2 |
---------------+-------+-----
Short Blades   | 3 |  3.1
Fighting       | |  3.6
Dodging        | |  2.8
Stealth        | |  6.8

Action                   || total
-------------------------++-------
Melee: Short sword       ||    39
Throw: Dart              ||     1
Evoke: Wand              ||     3
  Use: Scroll            ||     4
       Potion            ||     3
 Stab: Sleeping          ||     2
Armor: Leather armour    ||     5
Dodge: Dodged            ||    26

Table legend: (Time is in decaauts)
 A = Elapsed time spent in this place.
 B = Non-inter-level travel time spent in this place.
 C = Inter-level travel time spent in this place.
 D = Time resting spent in this place.
 E = Time spent auto-exploring this place.
 F = Levels seen in this place.
 G = Mean time per level.
                   A        B        C        D        E       F      G
               +--------+--------+--------+--------+--------+-----+--------+
         Total |   1206 |   1206 |      0 |    740 |     30 |   4 |  301.5 |
       Dungeon |   1206 |   1206 |      0 |    740 |     30 |   4 |  301.5 |
               +--------+--------+--------+--------+--------+-----+--------+

Top non-repeatable levels by time:
     D:3: 826 daAuts
     D:2: 220 daAuts
     D:4: 120 daAuts
     D:5: 39 daAuts
